 Dungeon Crawl Stone Soup version 0.31-a0-236-g9a0961fb85 (webtiles) character file.

Game seed: 13670914055609942803

90484 dolemite99 the Brawler (level 15, -17/142 HPs)
             Began as a Pale Draconian Transmuter on July 10, 2023.
             Was a High Priest of Hepliaklqana.
             Demolished by an ettin
             ... wielding a +0 dire flail
              (19 damage)
             ... on level 15 of the Dungeon on July 11, 2023.
             The game lasted 01:00:12 (41759 turns).

dolemite99 the Brawler (Pale Draconian Transmuter) Turns: 41759, Time: 01:00:12

Health: -17/142    AC:  9    Str: 17    XL:     15   Next: 52%
Magic:  0/24       EV: 18    Int: 27    God:    Hepliaklqana [*****.]
Gold:   169        SH:  0    Dex: 11    Spells: 5/26 levels left

rFire   x . .        a - melded +5 arbalest (flame)
rCold   + + +        (shield currently unavailable)
rNeg    . . .        (body armour unavailable)
rPois   +            d - melded +2 hat of Fedhas, Teaching {rPois}
rElec   .            L - melded scarf of Luilungua {shadows, Will+ rCorr Slay+2}
rCorr   .            y - melded +1 pair of gloves {Str+3}
SInv    .            R - melded +1 pair of boots
Will    +....        u - amulet "Tuxulell" {Spirit Regen+ Int+2}
Stlth   +            p - +6 ring of intelligence {=R}
HPRegen 1.23/turn    H - +5 ring of evasion
MPRegen 0.19/turn

%: guardian spirit
@: about to teleport, ice-form, hasted, very quick
A: freezing attack, amphibious, boosted hp, reduced essence, (breathe steam), AC
+9, large, unfitting armour, (cold-blooded), (steam resistance), (stinger 1),
(large bone plates 1), strong 1, MP-powered wands, noise suppression
a: End Transformation, Renounce Religion, Recall Ancestor, Ancestor Identity,
Transference, Idealise


You were on level 15 of the Dungeon.
You worshipped Hepliaklqana.
Hepliaklqana was extremely pleased with you.
You were a creature of crystalline ice.
You visited 3 branches of the dungeon, and saw 22 of its levels.

You collected 1929 gold pieces.
You spent 1760 gold pieces at shops.

Inventory:

Hand Weapons
 a - a +5 arbalest of flaming (melded)
 V - the +5 quarterstaff of Citt {drain, rF+}
   (You found it on level 5 of the Lair of Beasts)

   rF:        It protects you from fire.
Missiles
 i - 24 boomerangs (quivered)
 x - 2 throwing nets
 Z - 42 poisoned darts
Armour
 b - a +0 pair of boots
 d - the +2 hat of Fedhas, Teaching (melded) {rPois}
   (You acquired it on level 7 of the Dungeon)

   rPois:     It protects you from poison.
 e - a +0 kite shield of reflection
 s - a +2 cloak of stealth
 y - a +1 pair of gloves of strength (melded)
 L - the scarf of Luilungua (melded) {shadows, Will+ rCorr Slay+2}
   (You found it on level 12 of the Dungeon)

   Slay:      It affects your accuracy & damage with ranged weapons and melee
   (+2).
   rCorr:     It protects you from acid and corrosion.
   Will:      It increases your willpower.
 R - a +1 pair of boots (melded)
Magical Staves
 P - a staff of earth
Jewellery
 m - a ring of see invisible
 n - a ring of poison resistance
 p - a +6 ring of intelligence (left front paw) {=R}
 u - the amulet "Tuxulell" (around neck) {Spirit Regen+ Int+2}
   (You acquired it on level 6 of the Dungeon)

   [amulet of guardian spirit]

   It causes incoming damage to be divided between your reserves of health and
   magic.
   Int:       It affects your intelligence (+2).
   Regen:     It increases your rate of health regeneration.
 z - a ring of ice
 A - a +6 ring of dexterity
 G - a ring of magical power
 H - a +5 ring of evasion (right front paw)
 I - a ring of fire
 O - a ring of fire
 S - a ring of fire
Wands
 q - a wand of roots (11)
 K - a wand of flame (3)
 N - a wand of charming (1)
 Q - a wand of polymorph (5)
 U - a wand of quicksilver (10)
Scrolls
 g - 5 scrolls of teleportation
 h - 2 scrolls of revelation
 w - a scroll of blinking
 C - a scroll of vulnerability
 E - 2 scrolls of poison
 F - 2 scrolls of immolation
 M - 5 scrolls of identify {@r1}
 T - a scroll of fog
Potions
 f - 3 potions of attraction
 j - 2 potions of heal wounds
 k - 4 potions of ambrosia
 o - 5 potions of enlightenment
 r - a potion of berserk rage
 t - 6 potions of curing
 v - 2 potions of cancellation
 D - 4 potions of might
 J - 2 potions of resistance
 Y - 3 potions of brilliance
Miscellaneous
 l - a lightning rod (4/4)
 B - a phial of floods
 W - a phantom mirror
 X - a sack of spiders


   Skills:
 - Level 12.2 Fighting
 - Level 10.4 Dodging
 - Level 15.0 Unarmed Combat
 + Level 6.2 Spellcasting
 - Level 4.5 Conjurations
 - Level 7.3 Hexes
 - Level 4.4 Summonings
 - Level 8.2 Transmutations
 - Level 3.0 Ice Magic
 - Level 4.3 Air Magic
 - Level 7.3 Poison Magic
 - Level 7.6 Invocations
 - Level 4.0 Evocations


You had 5 spell levels left.
You knew the following spells:

 Your Spells              Type           Power      Damage    Failure   Level
a - Mephitic Cloud        Conj/Pois/Air  37%        N/A       1%          3
b - Wereblood             Tmut           52%        N/A       1%          2
c - Summon Guardian Gole  Hex/Summ       40%        N/A       1%          3
d - Ice Form              Ice/Tmut       38%        N/A       6%          4
e - Beastly Appendage     Tmut           100%       N/A       1%          1
f - Yara's Violent Unrav  Hex/Tmut       25%        3d11      7%          5
g - Spider Form           Tmut/Pois      50%        N/A       1%          3

Your spell library contained the following spells:

 Spells                   Type           Power      Damage    Failure   Level
 Freeze                   Ice            96%        1d10      1%          1
 Magic Dart               Conj           100%       1d8       1%          1
 Summon Small Mammal      Summ           100%       N/A       1%          1
 Call Imp                 Summ           64%        N/A       1%          2
 Searing Ray              Conj           66%        2d6       1%          2
 Confusing Touch          Hex            48%        N/A       1%          3
 Tukima's Dance           Hex            48%        N/A       1%          3
 Kiss of Death            Conj/Necr      80%        2d11      2%          1
 Momentum Strike          Conj/Tloc      40%        3d9       3%          2
 Call Canine Familiar     Summ           32%        N/A       3%          3
 Cause Fear               Hex            24%        N/A       3%          4
 Hailstorm                Conj/Ice       28%        3d8       4%          3
 Portal Projectile        Hex/Tloc       56%        N/A       4%          3
 Frozen Ramparts          Ice            48%        1d8       5%          3
 Ozocubu's Armour         Ice            24%        N/A       5%          3
 Fulminant Prism          Conj/Hex       20%        3d12      5%          4
 Blade Hands              Tmut           26%        N/A       6%          5
 Stone Arrow              Conj/Erth      40%        3d9       8%          3
 Blink                    Tloc           16%        N/A       10%         2
 Lesser Beckoning         Tloc           16%        N/A       10%         2
 Scorch                   Fire           16%        2d5       10%         2
 Anguish                  Hex/Necr       14%        N/A       14%         4
 Flame Wave               Conj/Fire      20%        2d7       24%         4
 Dispel Undead            Necr           8%         3d8       54%         4
 Passage of Golubria      Tloc           8%         N/A       54%         4
 Summon Cactus Giant      Summ           16%        N/A       83%         6
 Statue Form              Tmut/Erth      20%        N/A       87%         6
 Enfeeble                 Hex            24%        N/A       95%         7
 Monstrous Menagerie      Summ           16%        N/A       100%        7
 Orb of Destruction       Conj           16%        9d7       100%        7
 Ozocubu's Refrigeration  Ice            12%        4d10      100%        7
 Spellforged Servitor     Conj/Summ      16%        N/A       100%        7
 Borgnjor's Revivificati  Necr           4%         N/A       100%        8
 Lehudib's Crystal Spear  Conj/Erth      10%        10d4      100%        8
 Necromutation            Tmut/Necr      15%        N/A       100%        8
 Death's Door             Necr           4%         N/A       100%        9
 Animate Armour           Summ/Erth      Unusable   N/A       N/A         4

Dungeon Overview and Level Annotations

Branches:
Dungeon (15/15)            Temple (0/1) D:6            Lair (5/5) D:9
 Shoals (0/4) Lair:2        Snake (0/4) Lair:3        Slime (0/5) Lair:5
    Orc (2/2) D:11            Elf (0/3) Orc:2        Vaults (0/5) D:13
 Depths: D:15

Altars:
Ashenzari
Dithmenos
Elyvilon
Fedhas
Gozag
Hepliaklqana
Kikubaaqudgha
Makhleb
Nemelex Xobeh
Ru
Sif Muna
Vehumet
Wu Jian
Jiyva

Shops:
D:10 =   Orc:2 :!!(

Annotations:
D:3 glass vault dig
D:4 1 runed translucent door, Crazy Yiuf
D:14 3 runed translucent doors, Jiolyugh's ghost, journeyman GrEE
D:15 Kidef's ghost, adept FoFi; Nessos
Lair:1 exclusion: 2 oklob plants
Orc:2 exclusion: oklob plant


Innate Abilities, Weirdness & Mutations

You are a creature of crystalline ice.
You have a powerful freezing melee attack.
You are amphibious.
Your maximum health is increased.
Your armour is entirely melded.
You are incapable of wielding weapons or throwing items.
Your life essence is reduced to manifest your ancestor. (-10% HP)
((You can breathe blasts of scalding, opaque steam.))
((Your pale cyan-grey scales are hard. (AC +9)))
You cannot fit into any form of body armour.
((You are cold-blooded and may be slowed by cold attacks.))
((You are immune to the effects of steam.))
((Your tail ends in a venomous barb.))
((You are partially covered in large bone plates. (SH +4)))
Your muscles are strong. (Str +4, Int/Dex -1)
You expend magic power (3 MP) to strengthen your wands.
You passively dampen the noise of your surroundings.


Message History

The centaur warrior is engulfed in poison gas.
The centaur warrior looks as sick as possible!
The centaur warrior wields a +0 shortbow.
The centaur warrior shoots an arrow.
The arrow hits you!!
Nessos is engulfed in poison gas.
Nessos looks as sick as possible!
Nessos shoots an arrow.
The arrow hits you! The arrow melts you.
The centaur warrior looks as sick as possible!
The centaur warrior shoots an arrow.
The arrow hits you!
Nessos is engulfed in poison gas.
Nessos looks as sick as possible!
Nessos shoots an arrow.
The arrow barely misses you.
As you read the scroll of teleportation, it crumbles to dust.
You feel strangely unstable.
Nessos is engulfed in poison gas.
Nessos looks as sick as possible!
Nessos shoots an arrow.
The arrow hits you! The arrow melts you.
Impisi blocks the ogre's attack.
The centaur warrior is engulfed in poison gas.
The centaur warrior looks as sick as possible!
Nessos is engulfed in poison gas.
Nessos looks as sick as possible!
Nessos mumbles some strange words.
Nessos blinks!
You feel yourself speed up.
The centaur warrior is engulfed in poison gas.
The centaur warrior looks as sick as possible!
The centaur warrior unwields a +0 shortbow.
The centaur warrior barely misses you. The centaur warrior closely misses you.
The ettin misses you.
The ettin hits you with a +0 dire flail!!!
* * * LOW HITPOINT WARNING * * *
The centaur wields a +0 orcbow.
The centaur shoots an arrow.
The arrow hits Impisi.
A centaur comes into view.
The centaur warrior is engulfed in poison gas.
The centaur warrior looks as sick as possible!
The centaur warrior wields a +0 shortbow.
The centaur warrior shoots an arrow.
The arrow hits you!
* * * LOW HITPOINT WARNING * * *
The deep troll barely misses you. The deep troll claws you!
* * * LOW HITPOINT WARNING * * *
The deep troll claws you but does no damage.
The ettin hits you with a +0 dire flail!!
You die...

#8#ZW#..c.#
###.p#.§☼§####
....y#c☼.§....
....W#§O§.....
#########§☼§.....
....☼§§§§§§##....
....○§☼Rc☼c☼#....
......C.#...# ...
......TY+...# .
........#####
###......
+.......
#........
#.........
#.......$..
.........###


You could see the friendly Impisi the knight, an ettin, a centaur warrior
(extremely poisoned), a deep troll, an ogre and a centaur.

Vanquished Creatures
  An orc warlord (Orc:2)
  An ironbound preserver (D:13)
  A dire elephant (Lair:5)
  An entropy weaver (shapeshifter) (D:12)
  Snorg (Lair:3)
  2 fire dragons
  A hydra (Lair:5)
  2 catoblepae
  An ogre mage (Orc:2)
  Erica (D:8)
  A centaur warrior (D:13)
  A death yak (Lair:2)
  4 two-headed ogres
  2 boulder beetles
  An orc high priest (Orc:1)
  Amaemon (D:10)
  2 skysharks
  6 skeletal warriors
  2 lindwurms (Lair:5)
  An orc knight (Orc:2)
  A necromancer (Lair:2)
  7 orc sorcerers
  2 ugly things
  Maurice (D:8)
  A manticore (D:13)
  2 cyclopes
  6 elephants
  2 black mambas (Lair:5)
  2 merfolk sirens (Lair:2)
  2 gargoyles (D:12)
  A smoke demon (D:10)
  An orange demon (D:10)
  A torpor snail (Lair:2)
  7 cane toads
  3 rime drakes (Lair:5)
  An unseen horror (D:11)
  3 komodo dragons
  A freezing wraith (D:14)
  2 merfolk (Lair:2)
  6 trolls
  5 meliai
  2 hornets (D:11)
  Grinder (D:5)
  A polar bear (Lair:4)
  18 blink frogs
  9 dream sheep
  Sigmund (D:3)
  A centaur simulacrum (D:10)
  2 wyverns
  A slime creature (D:14)
  38 yaks
  A wraith (D:11)
  3 basilisks (Lair:5)
  2 vampires
  Grum (D:8)
  3 vampire mosquitoes
  A warg (Orc:1)
  4 steam dragons
  2 acid dragons
  2 nagas (Lair:3)
  13 water moccasins
  11 orc warriors
  A swamp drake (Lair:5)
  A sky beast (D:8)
  2 ice beasts
  2 black bears
  5 ogres
  18 wolves
  6 centaurs
  A phantom (D:6)
  4 kobold brigands
  3 bullfrogs
  2 gnoll sergeants (D:11)
  9 wights (D:6)
  13 killer bees
  9 howler monkeys
  4 electric eels
  4 hounds (D:5)
  6 jellies
  10 orc priests
  2 sleepcaps
  Ijyb (D:4)
  Natasha (thrice) (D:3)
  7 iguanas
  29 orc wizards
  3 polar bear simulacra (Lair:2)
  A wolf simulacrum (Lair:2)
  2 gnolls (D:11)
  14 adders
  A shadow imp (D:5)
  2 white imps
  An ufetubus (D:6)
  2 worms
  A dart slug (D:4)
  57 orcs
  10 ball pythons
  4 endoplasms
  4 giant cockroaches
  10 goblins
  6 hobgoblins
  4 kobolds
  7 quokkas
  2 bats
  4 frilled lizards
  3 rats
  A river rat simulacrum (Lair:2)
488 creatures vanquished.

Vanquished Creatures (collateral kills)
  Donald (Orc:2)
  3 hydras
  5 centaur warriors
  3 ogre magi (Orc:2)
  A two-headed ogre (D:13)
  A boulder beetle (D:14)
  A death yak (Lair:2)
  Nergalle (Orc:2)
  4 skeletal warriors
  A swamp dragon (Lair:5)
  2 lindwurms (Lair:5)
  An orc knight (Orc:2)
  An ugly thing (D:13)
  4 manticores
  2 cyclopes
  2 elephants (Lair:5)
  A black mamba (Lair:2)
  A torpor snail (Lair:5)
  3 cane toads
  A komodo dragon (Lair:4)
  2 rime drakes (Lair:5)
  Psyche (D:10)
  A yaktaur (D:12)
  3 trolls
  A meliai (D:14)
  2 polar bears (Lair:4)
  A hornet (D:10)
  5 blink frogs
  A centaur simulacrum (D:13)
  2 dream sheep
  3 slime creatures (D:14)
  A water elemental (D:14)
  7 yaks
  A shadow (D:7)
  A wraith (D:10)
  5 basilisks
  2 wyverns
  3 steam dragons
  3 nagas (Lair:3)
  2 acid dragons
  A water moccasin (Lair:5)
  14 orc warriors
  An ice beast (D:7)
  6 wolves
  A centaur (D:9)
  5 bullfrogs
  2 kobold brigands (D:11)
  A scorpion (D:7)
  A jelly (D:7)
  4 killer bees
  4 howler monkeys
  4 orc priests
  2 iguanas (Lair:5)
  8 orc wizards
  2 polar bear simulacra (Lair:2)
  3 yak simulacra (Lair:2)
  A wolf simulacrum (Lair:2)
  A gnoll (D:11)
  17 orcs
  A goblin (D:11)
  A quokka (D:6)
166 creatures vanquished.

Vanquished Creatures (others)
  A centaur warrior (D:13)
  A rime drake (Lair:5)
  A basilisk (D:13)
  20 knights
  An orc wizard (D:13)
  4 ancestors
  2 kobolds (D:7)
30 creatures vanquished.

Grand Total: 684 creatures vanquished

Notes
Turn   | Place    | Note
-------+----------+-------------------------------------------
     0 | D:1      | dolemite99 the Draconian Transmuter began the quest for the
                  | Orb.
     0 | D:1      | Reached XP level 1. HP: 16/16 MP: 3/3
   222 | D:1      | Reached XP level 2. HP: 23/23 MP: 5/5
   282 | D:1      | Learned a level 2 spell: Wereblood
   806 | D:3      | Noticed Sigmund
   813 | D:3      | Killed Sigmund
   814 | D:3      | Reached skill level 6 in Unarmed Combat
   814 | D:3      | Reached XP level 3. HP: 28/28 MP: 6/6
   814 | D:3      | Reached XP level 4. HP: 35/35 MP: 7/7
   814 | D:3      | Reached XP level 5. HP: 40/40 MP: 8/8
   825 | D:3      | Noticed Natasha
   834 | D:3      | Killed Natasha
   879 | D:3      | Noticed Natasha
  1519 | D:2      | Reached XP level 6. HP: 47/47 MP: 9/9
  1695 | D:3      | Killed Natasha
  1696 | D:3      | Reached skill level 7 in Unarmed Combat
  1804 | D:3      | Noticed Natasha
  1817 | D:3      | Killed Natasha
  2419 | D:3      | Found a hazy altar of Hepliaklqana.
  2629 | D:4      | Noticed Ijyb
  2826 | D:4      | Learned a level 3 spell: Spider Form
  3289 | D:4      | Reached skill level 8 in Unarmed Combat
  3289 | D:4      | Your scales start taking on a pale cyan-grey colour.
  3289 | D:4      | Reached XP level 7. HP: 49/52 MP: 7/10
  3289 | D:4      | Gained mutation: You are immune to the effects of steam.
                  | [Pale Draconian growth]
  3293 | D:4      | Killed Ijyb
  3394 | D:4      | Learned a level 4 spell: Ice Form
  3642 | D:4      | Found a runed translucent door.
  3643 | D:4      | Noticed Crazy Yiuf
  3935 | D:5      | Entered Level 5 of the Dungeon
  4049 | D:3      | Became a worshipper of Hepliaklqana the Forgotten
  4271 | D:5      | Found a blossoming altar of Fedhas.
  4438 | D:5      | Noticed Grinder
  4469 | D:5      | Killed Grinder
  4780 | D:5      | Reached XP level 8. HP: 62/62 MP: 9/11
  4857 | D:5      | Found a white marble altar of Elyvilon.
  4866 | D:5      | Reached skill level 9 in Unarmed Combat
  5188 | D:5      | Found a sacrificial altar of Ru.
  6024 | D:6      | Identified a scroll of acquirement
  6024 | D:6      | Acquired the amulet "Tuxulell" {Spirit Regen+ Int+2}
  6160 | D:6      | Found a broken altar of Ashenzari.
  6285 | D:6      | Reached skill level 5 in Transmutations
  6486 | D:6      | Reached XP level 9. HP: 69/71 MP: 7/12
  6621 | D:6      | Reached * piety under Hepliaklqana
  6681 | D:6      | Reached skill level 10 in Unarmed Combat
  6728 | D:6      | Found a staircase to the Ecumenical Temple.
  8095 | D:7      | Reached skill level 1 in Ice Magic
  8122 | D:7      | Reached skill level 5 in Fighting
  8283 | D:7      | Acquired the +2 hat of Fedhas, Teaching {rPois}
  8759 | D:8      | Noticed Grum
  8774 | D:8      | Killed Grum
  8787 | D:8      | Reached skill level 11 in Unarmed Combat
  8787 | D:8      | Reached XP level 10. HP: 65/72 MP: 6/13
  9241 | D:8      | Reached ** piety under Hepliaklqana
  9242 | D:8      | Remembered your ancestor Impisi as a knight
  9379 | D:8      | Reached skill level 5 in Dodging
  9379 | D:8      | Reached skill level 1 in Poison Magic
  9414 | D:8      | Noticed Maurice
  9439 | D:8      | Killed Maurice
 10233 | D:8      | Noticed Erica
 10247 | D:8      | Killed Erica
 11193 | D:9      | Found a staircase to the Lair.
 11313 | D:9      | Reached skill level 12 in Unarmed Combat
 11728 | D:9      | Found a shadowy altar of Dithmenos.
 12042 | D:9      | Reached XP level 11. HP: 81/81 MP: 8/14
 12536 | D:10     | Entered Level 10 of the Dungeon
 12884 | D:10     | Noticed Psyche
 12889 | D:10     | Killed Psyche
 12897 | D:10     | Found Xokhluib's Jewellery Boutique.
 12934 | D:10     | Noticed a boulder beetle
 12936 | D:10     | Noticed an eight-headed hydra
 12951 | D:10     | Found a sparkling altar of Nemelex Xobeh.
 12951 | D:10     | Found a radiant altar of Vehumet.
 12951 | D:10     | Found an ornate altar of the Wu Jian Council.
 12951 | D:10     | Found an ancient bone altar of Kikubaaqudgha.
 13054 | D:10     | Found an opulent altar of Gozag.
 13401 | D:10     | Reached *** piety under Hepliaklqana
 13412 | D:10     | Learned a level 3 spell: Mephitic Cloud
 13449 | D:10     | Reached skill level 1 in Air Magic
 13520 | D:10     | Noticed Amaemon
 13532 | D:10     | Killed Amaemon
 13764 | D:10     | Found a burning altar of Makhleb.
 14220 | D:10     | Noticed a green ugly thing
 14220 | D:10     | Noticed a boulder beetle
 14250 | D:10     | Killed a boulder beetle
 14251 | D:10     | Reached skill level 13 in Unarmed Combat
 14257 | D:10     | Killed a green ugly thing
 14669 | Lair:1   | Entered Level 1 of the Lair of Beasts
 15369 | Lair:1   | Reached skill level 5 in Poison Magic
 15732 | Lair:1   | Reached XP level 12. HP: 91/91 MP: 10/15
 16359 | Lair:1   | Reached **** piety under Hepliaklqana
 16786 | Lair:1   | Found a blossoming altar of Fedhas.
 17019 | Lair:2   | Noticed a death yak
 17020 | Lair:2   | Noticed a death yak
 17315 | Lair:2   | Reached skill level 1 in Conjurations
 17714 | Lair:2   | Found a staircase to the Shoals.
 18146 | Lair:2   | Killed a death yak
 18150 | Lair:2   | Killed a death yak
 19384 | Lair:3   | Reached skill level 14 in Unarmed Combat
 19400 | Lair:3   | Noticed an eight-headed hydra
 19408 | Lair:3   | Killed an eight-headed hydra
 19713 | Lair:3   | Noticed Snorg
 19725 | Lair:3   | Killed Snorg
 19726 | Lair:3   | Reached XP level 13. HP: 101/101 MP: 0/16
 20118 | Lair:3   | Reached skill level 10 in Fighting
 20269 | Lair:3   | Found a staircase to the Snake Pit.
 20561 | Lair:3   | Reached ***** piety under Hepliaklqana
 21646 | Lair:4   | Learned a level 5 spell: Yara's Violent Unravelling
 21864 | Lair:5   | Entered Level 5 of the Lair of Beasts
 21952 | Lair:5   | Reached skill level 1 in Hexes
 22648 | Lair:5   | Found a viscous altar of Jiyva.
 22648 | Lair:5   | Found a staircase to the Slime Pits.
 24379 | Lair:5   | Reached XP level 14. HP: 111/111 MP: 20/20
 24480 | Lair:5   | Reached skill level 5 in Hexes
 24515 | Lair:5   | Identified the +5 quarterstaff of Citt {drain, rF+}
 26035 | Lair:5   | Reached skill level 15 in Unarmed Combat
 26309 | Lair:5   | Reached skill level 1 in Evocations
 27095 | D:10     | Got Sif Muna's Elucidation of Helpful Modification
 27453 | D:11     | Found a staircase to the Orcish Mines.
 28288 | D:11     | Reached skill level 1 in Invocations
 28303 | D:11     | Identified the +1 ring mail of Whack-A-Mole {Will- Int+5}
 29037 | Orc:1    | Entered Level 1 of the Orcish Mines
 29630 | Orc:1    | Gained mutation: You occasionally lose the ability to drink
                  | potions when taking damage. [a neqoxec]
 29633 | Orc:1    | Gained mutation: You sometimes lose the ability to drink
                  | potions when taking damage. [a neqoxec]
 29964 | Lair:2   | Lost mutation: You sometimes lose the ability to drink
                  | potions when taking damage. [potion of mutation]
 29964 | Lair:2   | Lost mutation: You occasionally lose the ability to drink
                  | potions when taking damage. [potion of mutation]
 29964 | Lair:2   | Gained mutation: Your tail ends in a venomous barb. [potion
                  | of mutation]
 29964 | Lair:2   | Gained mutation: You expend magic power (3 MP) to
                  | strengthen your wands. [potion of mutation]
 29964 | Lair:2   | Gained mutation: Your muscles are strong. (Str +4, Int/Dex
                  | -1) [potion of mutation]
 29964 | Lair:2   | Gained mutation: You passively dampen the noise of your
                  | surroundings. [potion of mutation]
 30362 | Orc:2    | Entered Level 2 of the Orcish Mines
 31314 | Orc:2    | Found a staircase to the Elven Halls.
 31943 | Orc:2    | Noticed an orc warlord
 32207 | Orc:2    | Killed an orc warlord
 32849 | Orc:2    | Paralysed by something for 4 turns
 33117 | Orc:2    | Noticed Donald
 33463 | Orc:2    | Killed Donald
 33671 | Orc:2    | Reached skill level 5 in Invocations
 33842 | Orc:2    | Found Ahisydusi's Distillery.
 33864 | Orc:2    | Paralysed by an orc sorcerer for 2 turns
 34179 | Orc:2    | Found a radiant altar of Vehumet.
 34183 | Orc:2    | Found Faelet's Distillery.
 34220 | Orc:2    | Noticed Nergalle
 34230 | Orc:2    | Killed Nergalle
 34231 | Orc:2    | Reached skill level 10 in Dodging
 34414 | Orc:2    | Gained mutation: You are partially covered in large bone
                  | plates. (SH +4) [you]
 34539 | Orc:2    | Found Mosk's Book Shop.
 34831 | Orc:2    | Bought a book of Dangerous Friends for 560 gold pieces
 34836 | Orc:2    | Learned a level 3 spell: Summon Guardian Golem
 34866 | Orc:2    | Bought a potion of enlightenment for 60 gold pieces
 34866 | Orc:2    | Bought a potion of heal wounds for 60 gold pieces
 34866 | Orc:2    | Bought a potion of berserk rage for 60 gold pieces
 34866 | Orc:2    | Bought a potion of heal wounds for 60 gold pieces
 34866 | Orc:2    | Bought a potion of might for 48 gold pieces
 34866 | Orc:2    | Bought a potion of might for 48 gold pieces
 34866 | Orc:2    | Bought a potion of might for 48 gold pieces
 34866 | Orc:2    | Bought a potion of curing for 36 gold pieces
 34866 | Orc:2    | Bought a potion of curing for 36 gold pieces
 34889 | Orc:2    | Bought a potion of resistance for 120 gold pieces
 34889 | Orc:2    | Bought a potion of might for 48 gold pieces
 34889 | Orc:2    | Bought a potion of brilliance for 48 gold pieces
 34889 | Orc:2    | Bought a potion of berserk rage for 60 gold pieces
 34889 | Orc:2    | Bought a potion of might for 48 gold pieces
 34889 | Orc:2    | Bought a potion of curing for 36 gold pieces
 34914 | Orc:2    | Bought a potion of brilliance for 48 gold pieces
 34945 | Orc:2    | Bought Ozocubu's Autobiography for 336 gold pieces
 35055 | Orc:2    | Found an ancient bone altar of Kikubaaqudgha.
 35071 | Orc:2    | Found Feda's Antique Weapon Boutique.
 35530 | D:12     | Reached skill level 1 in Summonings
 35850 | D:12     | Identified the scarf of Luilungua {shadows, Will+ rCorr
                  | Slay+2}
 35975 | D:12     | Reached XP level 15. HP: 118/118 MP: 17/21
 37938 | D:13     | Found a shimmering blue altar of Sif Muna.
 38407 | D:13     | Found a gate to the Vaults.
 39135 | D:13     | Identified the +1 pair of gloves "Wazuunom" {rF+}
 39955 | D:14     | Found a runed translucent gate.
 39955 | D:14     | Found a runed translucent gate.
 39956 | D:14     | Found a runed translucent gate.
 39957 | D:14     | Noticed Jiolyugh's ghost (journeyman GrEE)
 40154 | D:14     | Reached skill level 5 in Spellcasting
 40556 | D:14     | Found a shadowy altar of Dithmenos.
 41654 | D:15     | Entered Level 15 of the Dungeon
 41734 | D:15     | Noticed Kidef's ghost (adept FoFi)
 41751 | D:15     | Noticed Nessos
 41759 | D:15     | HP: 2/142 [deep troll (9)]
 41759 | D:15     | Demolished by an ettin

Illustrated notes

Levels and vault maps discovered:
D:1:      ncdulo_wetmaze, layout_loops_ring
D:2:      layout_rooms, minmay_tromino_v2
D:3:      layout_basic, mainiacjoe_overflow_cross_hatched, due_unseen_surprise,
          uniq_natasha, uniq_sigmund
D:4:      layout_loops_ring, uniq_ijyb, uniq_crazy_yiuf_cottage
D:5:      layout_loops_corners, fedhas_altar_2, kennysheep_mini_moat,
          nicolae_ru_the_path_less_chosen, chequers_serial_rivers_small_b,
          uniq_grinder
D:6:      layout_loops_cross, mainiacjoe_overflow_chevrons,
          minmay_temple_entry_proselytizer, gup_sewer_entry_pipe
D:7:      layout_gridville, st_stairs_10, serial_bayou_lake_a
D:8:      layout_layer_cave, uniq_grum, uniq_erica, uniq_maurice
D:9:      layout_roguey, lemuel_crystal_altar, lair_entry_dummy
D:10:     minmay_the_grid_square_5x5_3x3
          [minmay_the_grid_square_5x5_half_checkered,
          minmay_the_grid_square_5x5_inner_z, minmay_the_grid_square_5x5_bite,
          minmay_the_grid_square_5x5_inverted_slash,
          minmay_the_grid_square_5x5_megaprize_crossed,
          minmay_the_grid_square_5x5_intrusive_squares,
          minmay_the_grid_square_5x5_lines, minmay_the_grid_square_5x5_one_wall,
          minmay_the_grid_square_5x5_c], layout_basic, demons_altar,
          grunt_temple_overflow_open, serial_shops, shop, uniq_amaemon,
          uniq_psyche
D:11:     layout_long_grid, kennysheep_orc_monster_closet_entryway,
          kennysheep_crisscross, corexii_checkpoint_a, grunt_ministairs_1
D:12:     layout_stronghold
D:13:     layout_long_grid, skrybe_vaults_entry_preservation, led_sif_book
D:14:     layout_basic, grunt_dithmenos_smoke, gammafunk_ghost_hydra_chop
D:15:     hangedman_depths_entry_civil_slaughter, layout_irregular_city,
          serial_column_ruins, column_ruins_grid_1,
          column_ruins_corridor_dead_end, column_ruins_columns_straight,
          column_ruins_grid_4, gammafunk_ghost_mausoleum, uniq_azrael,
          uniq_nessos
Lair:1:   layout_hall_layers, hangedman_tree_tricks,
          chequers_serial_rivers_micro_d
Lair:2:   layout_cave_shapes, elwin_shoals_entry_stream, eino_house_with_fridge
Lair:3:   layout_roguey, minmay_snake_entry_guardpost_large, uniq_snorg
Lair:4:   layout_hall_layers
Lair:5:   guppyfry_lair_end_dragon, layout_cave_pods, hangedman_lair_in_review,
          minmay_slime_entry_pillars
Orc:1:    layout_caves, guppyfry_orc_lava_fort
Orc:2:    kennysheep_orc_mage_school, layout_diamond_mine, basic_altar,
          mines3_lemuel, uniq_donald

Skill      XL: |  1  2  3  4  5  6  7  8  9 10 11 12 13 14 15 |
---------------+----------------------------------------------+-----
Unarmed Combat | 6 8 9 11 12 13 14 15 | 15.0
Dodging        | 2 3 4 5 7 8 9 10 | 10.4
Fighting       | 2 3 5 6 8 9 11 12 | 12.2
Transmutations | 3 5 6 7 8 |  8.2
Ice Magic      | 3 |  3.0
Poison Magic   | 4 5 7 |  7.3
Air Magic      | 4 |  4.3
Conjurations   | 4 |  4.5
Spellcasting   | 4 6 |  6.2
Hexes          | 4 7 |  7.3
Evocations     | 4 |  4.0
Invocations    | 6 7 |  7.6
Summonings     | 2 4 |  4.4

Action                     |  1- 3 |  4- 6 |  7- 9 | 10-12 | 13-15 || total
---------------------------+-------+-------+-------+-------+-------++-------
  Melee: Unarmed           |    50 |   139 |   232 |   288 |   243 ||   952
         Tailslap          |     3 |    17 |    18 |     1 |       ||    39
         Kick              |       |    10 |    34 |       |       ||    44
         Punch             |       |     3 |     9 |       |       ||    12
         Headbutt          |       |     2 |    24 |       |       ||    26
   Fire: Orcbow            |       |       |    20 |       |       ||    20
         Shortbow          |       |       |    35 |   130 |       ||   165
         Arbalest          |       |       |       |   100 |   456 ||   556
  Throw: Boomerang         |     2 |    31 |    14 |     1 |       ||    48
   Cast: Beastly Appendage |       |     5 |    31 |     2 |       ||    38
         Wereblood         |       |     1 |     9 |    11 |    15 ||    36
         Ice Form          |       |       |     9 |    31 |    48 ||    88
         Spider Form       |       |       |       |     4 |     2 ||     6
         Mephitic Cloud    |       |       |       |     5 |    53 ||    58
         Yara's Violent Un |       |       |       |       |    16 ||    16
         Summon Guardian G |       |       |       |       |    15 ||    15
 Invoke: Recall Ancestor   |       |       |     2 |     7 |    24 ||    33
         Ancestor Life: Kn |       |       |       |     1 |       ||     1
         Idealise          |       |       |       |       |     5 ||     5
Ability: Breathe Steam     |       |       |    14 |    14 |    16 ||    44
         End Transformatio |       |       |       |     1 |     3 ||     4
  Evoke: Wand              |       |       |       |    13 |    18 ||    31
         Lightning rod     |       |       |       |       |     3 ||     3
         Phantom mirror    |       |       |       |       |     2 ||     2
         Phial of floods   |       |       |       |       |     1 ||     1
    Use: Potion            |     1 |     1 |     1 |       |    12 ||    15
         Scroll            |       |     5 |    14 |    13 |    16 ||    48
   Stab: Sleeping          |     1 |       |     1 |       |       ||     2
         Distracted        |       |       |       |       |     4 ||     4
         Confused          |       |       |       |       |     1 ||     1
         Petrified         |       |       |       |       |     3 ||     3
 Armour: Skin              |    15 |    63 |    83 |   101 |   134 ||   396
  Dodge: Dodged            |    28 |   119 |   283 |   368 |   331 ||  1129
  Block: Other             |       |       |       |       |    11 ||    11

Table legend: (Time is in decaauts)
 A = Elapsed time spent in this place.
 B = Non-inter-level travel time spent in this place.
 C = Inter-level travel time spent in this place.
 D = Time resting spent in this place.
 E = Time spent auto-exploring this place.
 F = Levels seen in this place.
 G = Mean time per level.
                   A        B        C        D        E       F      G
               +--------+--------+--------+--------+--------+-----+--------+
         Total |  42191 |  40039 |   2152 |  20163 |  13266 |  22 | 1917.8 |
       Dungeon |  24832 |  23334 |   1498 |  10399 |   9076 |  15 | 1655.5 |
          Lair |  11547 |  11120 |    427 |   5850 |   3344 |   5 | 2309.4 |
  Orcish Mines |   5811 |   5585 |    226 |   3913 |    846 |   2 | 2905.5 |
               +--------+--------+--------+--------+--------+-----+--------+

Top non-repeatable levels by time:
   Orc:2: 4741 daAuts
  Lair:5: 4646 daAuts
    D:13: 2786 daAuts
     D:8: 2583 daAuts
  Lair:2: 2564 daAuts
     D:9: 2386 daAuts
    D:10: 2266 daAuts
    D:11: 2096 daAuts
    D:12: 1875 daAuts
    D:14: 1823 daAuts
  Lair:1: 1748 daAuts
     D:5: 1596 daAuts
     D:7: 1570 daAuts
     D:6: 1516 daAuts
     D:3: 1435 daAuts
